 Dungeon Crawl Stone Soup version 0.17.0-28-g6e173f8 (webtiles) character file.

1855 Ithica the Covered (level 8, -8/70 HPs)
             Began as a Minotaur Fighter on Nov 24, 2015.
             Was a Believer of Okawaru.
             Mangled by a six-headed hydra (14 damage)
             ... on level 7 of the Dungeon.
             The game lasted 00:37:52 (8290 turns).

Ithica the Covered (Minotaur Fighter)               Turns: 8290, Time: 00:37:52

Health: -8/70      AC:  8    Str: 22    XL:     8   Next: 89%
Magic:  7/7        EV: 10    Int:  3    God:    Okawaru [**....]
Gold:   139        SH: 10    Dex: 11    Spells: 0 memorised, 7 levels left

rFire  . . .     SeeInvis .     L - +2 trident (freeze)
rCold  . . .     Clarity  .     b - +0 scale mail
rNeg   . . .     SustAt   .     c - +0 shield
rPois  .         Gourm    .     (helmet restricted)
rElec  .         Spirit   .     (no cloak)
rCorr  .         Warding  .     (no gloves)
rMut   .         Stasis   .     (no boots)
MR     .....                    (no amulet)
Stlth  ..........               (no ring)
                                f - -2 ring of intelligence

@: about to teleport, not resistant to hostile enchantments, extremely
unstealthy
A: retaliatory headbutt, horns 2
a: Heroism, Renounce Religion


You were on level 7 of the Dungeon.
You worshipped Okawaru.
Okawaru was pleased with you.
You were not hungry.

You visited 2 branches of the dungeon, and saw 8 of its levels.
You also visited: Sewer and Ossuary.

You collected 364 gold pieces.
You spent 225 gold pieces at shops.

Inventory:

Hand Weapons
 a - a +0 long sword
 r - a +0 short sword
 s - a +0 blowgun
 t - a +0 short sword
 v - a +0 falchion
 A - a -2 flail
 I - a +0 hand axe
 K - a +0 giant spiked club
 L - a +2 trident of freezing (weapon)
Missiles
 u - 37 poisoned needles
 y - 20 arrows of flame
 Q - 2 tomahawks (quivered)
Armour
 b - a +0 scale mail (worn)
 c - a +0 shield (worn)
 w - a +0 ring mail
Jewellery
 f - a -2 ring of intelligence (left hand)
Wands
 P - a wand of digging (9)
 R - a wand of magic darts (20)
Scrolls
 h - a scroll of immolation
 i - 5 scrolls of remove curse
 j - 3 scrolls of teleportation
 k - 3 scrolls of identify
 m - a scroll of fog {unknown}
 C - 2 scrolls of recharging
 D - a scroll of magic mapping {unknown}
 E - 5 scrolls of random uselessness {unknown}
 F - 4 scrolls of enchant armour
 G - 2 scrolls of blinking
 M - a scroll of fear {unknown}
Potions
 d - a potion of might
 l - 6 potions of brilliance
 n - 5 potions of agility {unknown}
 o - 7 potions of heal wounds
 q - 6 potions of curing {unknown}
 x - a potion of poison
 z - 2 potions of haste
 B - 4 potions of flight
 J - a potion of experience
 N - a potion of mutation {unknown}
 O - a potion of degeneration {unknown}
Comestibles
 e - 10 bread rations
 g - 5 meat rations
 p - 2 fruits
 H - 3 chunks of flesh
 S - 6 beef jerkies


   Skills:
 + Level 6.2 Fighting
 - Level 4.1 Long Blades
 * Level 6.2 Polearms
 + Level 7.6 Armour
 + Level 5.1 Dodging
 - Level 0.1 Stealth
 + Level 6.7 Shields


You had 7 spell levels left.
You didn't know any spells.

Dungeon Overview and Level Annotations

Branches:
Dungeon (7/15)             Temple (1/1) D:5

Altars:
Ashenzari
Cheibriados
Dithmenos
Elyvilon
Fedhas
Gozag
Kikubaaqudgha
Makhleb
Nemelex Xobeh
Okawaru
Qazlal
Ru
Sif Muna
Trog
Vehumet
Xom
Yredelemnul
Zin
The Shining One

Shops:
D:4 ?


Innate Abilities, Weirdness & Mutations

You reflexively headbutt those who attack you in melee.
You have a pair of horns on your head.


Message History

The six-headed hydra is lightly wounded.
The six-headed hydra bites you.
The six-headed hydra bites you but does no damage.
The six-headed hydra bites you. x2
The six-headed hydra bites you but does no damage.
The six-headed hydra bites you.
Unknown command.
The six-headed hydra bites you! x2
* * * LOW HITPOINT WARNING * * *
You block the six-headed hydra's attack.
The six-headed hydra barely misses you. The six-headed hydra bites you!
* * * LOW HITPOINT WARNING * * *
The six-headed hydra bites you.
* * * LOW HITPOINT WARNING * * *
As you read the scroll of teleportation, it crumbles to dust.
You feel strangely unstable.
You block the six-headed hydra's attack. x2
The six-headed hydra bites you but does no damage.
The six-headed hydra bites you!
You die...

#.....##.### #.#.###..###
###########.#.#######.
#................# #.
###########.#.#######. #########
#.# #.......##...## #....(..# #.#
#.##.#..##.####
##.......######.###.##.#..##.####
...............D@....>........##.
##.......######.....##.#..#..##.รท
#######.# #.###.##.#..#..##..
#.######.#...##.#..#.....#
#........#...##.......#.##
#.#...##.#...#####......##
#.#...##.###.# #.)......
#.#...##.###.### #........ ####
#.#............# #...#####


You could see a six-headed hydra.

Vanquished Creatures
  The ghost of Clownie the Martial Artist, a novice OpBe of Trog (D:7)
  An ice beast (D:7)
  A sky beast (D:5)
  2 ogres
  A centaur (D:3)
  Blork the orc (D:5)
  A giant frog (D:6)
  A big kobold (Sewer)
  2 scorpions
  2 crimson imps (D:6)
  A centaur zombie (Ossuary)
  4 human zombies (Ossuary)
  An orc priest (D:6)
  A hound (D:6)
  Jessica (D:3)
  An orc wizard (D:7)
  A worker ant (D:7)
  An iguana (D:5)
  A killer bee zombie (D:6)
  2 mummies (Ossuary)
  A hound skeleton (D:4)
  9 adders
  2 oozes
  2 adder zombies
  A worm (D:2)
  3 giant geckos
  15 orcs
  A ball python (D:2)
  6 goblins
  8 hobgoblins
  11 jackals
  15 kobolds
  4 quokkas
  4 bats
  5 giant cockroaches
  A giant gecko skeleton (D:7)
  5 giant newts
  2 goblin zombies (Ossuary)
  6 hobgoblin zombies (Ossuary)
  4 jackal zombies
  10 kobold zombies (Ossuary)
  10 orc zombies (Ossuary)
  11 rats
163 creatures vanquished.

Notes
Turn   | Place    | Note
--------------------------------------------------------------
     0 | D:1      | Ithica the Minotaur Fighter began the quest for the Orb.
     0 | D:1      | Reached XP level 1. HP: 19/19 MP: 0/0
   165 | D:1      | Reached skill level 4 in Armour
   169 | D:1      | Reached XP level 2. HP: 17/27 MP: 1/1
   704 | D:1      | Reached XP level 3. HP: 33/33 MP: 2/2
   828 | D:1      | Reached skill level 1 in Dodging
  1184 | D:2      | Found a burning altar of Makhleb.
  1185 | D:2      | Found a radiant altar of Vehumet.
  1482 | D:2      | Reached XP level 4. HP: 24/40 MP: 3/3
  2067 | D:3      | Noticed a centaur
  2074 | D:3      | Killed a centaur
  2074 | D:3      | Reached skill level 5 in Armour
  2074 | D:3      | Reached XP level 5. HP: 43/47 MP: 4/4
  2120 | D:3      | Noticed Jessica
  2129 | D:3      | Killed Jessica
  2984 | D:4      | Reached XP level 6. HP: 37/53 MP: 5/5
  3173 | D:4      | Found Juomuddu's Magic Scroll Emporium.
  3183 | D:4      | Bought a scroll of enchant armour for 75 gold pieces
  3183 | D:4      | Bought a scroll of enchant armour for 75 gold pieces
  3183 | D:4      | Bought a scroll of blinking for 75 gold pieces
  3295 | D:4      | Found a glowing drain.
  3339 | Sewer    | Entered a sewer
  3554 | Sewer    | Found a white marble altar of Elyvilon.
  3728 | D:5      | Entered Level 5 of the Dungeon
  4031 | D:5      | Found a shadowy altar of Dithmenos.
  4040 | D:5      | Found a shimmering altar of Xom.
  4053 | D:5      | Found a stormy altar of Qazlal.
  4054 | D:5      | Noticed Blork the orc
  4056 | D:5      | Found a sparkling altar of Nemelex Xobeh.
  4682 | D:5      | Reached skill level 5 in Shields
  4804 | D:5      | Reached skill level 6 in Armour
  4899 | D:5      | Found a staircase to the Ecumenical Temple.
  4991 | Temple   | Entered the Ecumenical Temple
  5152 | Temple   | Became a worshipper of Warmaster Okawaru
  5514 | D:5      | Killed Blork the orc
  5514 | D:5      | Reached XP level 7. HP: 31/60 MP: 6/6
  5583 | D:5      | Reached skill level 1 in Polearms
  6220 | D:6      | Reached skill level 5 in Fighting
  6614 | D:6      | Reached * piety under Okawaru
  6614 | D:6      | Reached skill level 7 in Armour
  6819 | D:6      | Found a sand-covered staircase.
  6824 | Ossuary  | Entered an ossuary
  7010 | Ossuary  | Reached XP level 8. HP: 44/68 MP: 7/7
  7505 | D:7      | Noticed Clownie's ghost (novice OpBe)
  7749 | D:7      | Killed Clownie's ghost
  7749 | D:7      | Reached ** piety under Okawaru
  7749 | D:7      | Reached skill level 5 in Polearms
  7889 | D:7      | Found a snail-covered altar of Cheibriados.
  8093 | D:7      | Reached skill level 5 in Dodging
  8266 | D:7      | Noticed a six-headed hydra
  8290 | D:7      | Mangled by a six-headed hydra

Action                   |  1- 3 |  4- 6 |  7- 9 || total
-------------------------+-------+-------+-------++-------
Melee: Long sword        |   114 |    28 |       ||   142
       Falchion          |       |   129 |       ||   129
       Trident           |       |       |   225 ||   225
  Use: Scroll            |       |     6 |     7 ||    13
  Eat: Chunk             |     1 |     5 |     3 ||     9
       Beef jerky        |       |     1 |     1 ||     2
       Royal jelly       |       |     1 |       ||     1
       Fruit             |       |     1 |     1 ||     2
       Pizza             |       |     1 |     1 ||     2
       Meat ration       |       |     1 |       ||     1
